 Dungeon Crawl Stone Soup version 0.22-a0-833-g8522bf8125 (webtiles) character file.

9 EnegeticOcto the Covered (level 2, 22/27 HPs)
             Began as a Deep Dwarf Fighter on July 16, 2018.
             Quit the game on level 1 of the Dungeon on July 25, 2018.
             The game lasted 00:00:22 (68 turns).

EnegeticOcto the Covered (Deep Dwarf Fighter)         Turns: 68, Time: 00:00:23

Health: 22/27      AC:  6    Str: 19    XL:     2   Next: 6%
Magic:  2/2        EV:  7    Int:  8    God:
Gold:   13         SH:  9    Dex: 12    Spells: 1/1 levels left

rFire    . . .     SeeInvis .   a - +0 war axe
rCold    . . .     Gourm    .   c - +0 shield
rNeg     . . .     Faith    .   b - +0 scale mail
rPois    .         Spirit   .   (no helmet)
rElec    .         Reflect  .   (no cloak)
rCorr    .         Harm     .   (no gloves)
MR       .....                  (no boots)
Stlth    ..........             (no amulet)
HPRegen  0.00/turn              (no ring)
MPRegen  0.08/turn              (no ring)

@: non-regenerating
A: damage resistance, heal wounds, sense surroundings 1, no regeneration
a: Heal Wounds


You were on level 1 of the Dungeon.
You were not hungry.

You visited 1 branch of the dungeon, and saw 1 of its levels.

You collected 13 gold pieces.

Inventory:

Hand Weapons
 a - a +0 war axe (weapon)
Armour
 b - a +0 scale mail (worn)
 c - a +0 shield (worn)
Potions
 d - a potion of might
Comestibles
 f - 2 rations
 g - 5 chunks of flesh


   Skills:
 + Level 2.8 Fighting
 * Level 2.6 Axes
 + Level 3.4 Armour
 + Level 3.4 Shields


You had one spell level left.
You didn't know any spells.
Your spell library was empty.

Dungeon Overview and Level Annotations

Branches:
Dungeon (1/15)

Altars:


Innate Abilities, Weirdness & Mutations

You are resistant to damage.
You can heal yourself by infusing magical energy.
You passively map a small area around you.
You do not regenerate.


Message History

You closely miss the frilled lizard.
The kobold throws a stone.
The stone hits you but does no damage. The frilled lizard barely misses you.
Your shield and scale mail prevent you from hitting the frilled lizard.
You block the frilled lizard's attack. x2
You closely miss the frilled lizard. The frilled lizard bites you.
You barely miss the frilled lizard. You hit the rat.
You kill the rat!
You block the frilled lizard's attack. You block the kobold's attack.
The frilled lizard bites you but does no damage.
You hit the frilled lizard.
You kill the frilled lizard!
You have reached level 2!
You slash the kobold!
You kill the kobold!
No target in view!
Unknown command.
Saving game... please wait.
Welcome back, EnegeticOcto the Deep Dwarf Fighter.
Press ? for a list of commands and other information.
Are you sure you want to abandon this character and quit the game? (Confirm with "yes".)

...#, , .# , *, 8 *
###### ## .....#
######### * #....#
#.......# ######....#
#.......# #.........####
#.......# #....(.......#
........# #............#
* ........#
#.....@†.....#
........###.....#).....#
................+......+
#########...#####......#
#...# ......# #...#
......# , #...# *......#
, , * ,#...# ** ......#
#...# *, *


There were no monsters in sight!

Vanquished Creatures
  A hobgoblin (D:1)
  4 jackals (D:1)
  A kobold (D:1)
  A frilled lizard (D:1)
  A rat (D:1)
8 creatures vanquished.

Notes
Turn   | Place    | Note
-------+----------+-------------------------------------------
     0 | D:1      | EnegeticOcto the Deep Dwarf Fighter began the quest for the Orb.
     0 | D:1      | Reached XP level 1. HP: 20/20 MP: 1/1
    67 | D:1      | Reached XP level 2. HP: 22/27 MP: 2/2
    68 | D:1      | Upgraded the game from 0.22-a0-756-gc33bbe721d to 0.22-a0-833-g8522bf8125
    68 | D:1      | Quit the game

Vault maps used:
D:1:      eino_arrival_cavern_e

Action                   || total
-------------------------++-------
Melee: War axe           ||    17
Armor: Scale mail        ||    17
Dodge: Dodged            ||    10
Block: Shield            ||    14

Table legend:
 A = Spawn XP
 B = Non-spawn XP
 C = Spawn XP percentage of total XP
 D = Spawn monster count
 E = Non-spawn monster count
 F = Spawn count percentage of total count
 G = Total turns spent on level
                    A         B        C        D         E        F      G
               +---------+---------+-------+---------+---------+-------+---------
         Total |       0 |      14 |   0.0 |       0 |       8 |   0.0 |    68
               +---------+---------+-------+---------+---------+-------+---------
           D:1 |       0 |      14 |   0.0 |       0 |       8 |   0.0 |    68
               +---------+---------+-------+---------+---------+-------+---------
